 Dungeon Sprint DCSS version 0.29-a0-541-gaf1fc19f1b (webtiles) character file.

Game seed: 3802214573621936190

880 nrs142 the Fighter (level 7, -2/77 HPs)
             Began as a Minotaur Monk on June 2, 2022.
             Was a Believer of Makhleb.
             Slain by a two-headed ogre
             ... wielding a +0 giant club
              (18 damage)
             ... in the Dungeon (Sprint IX: "|||||||||||||||||||||||||||||").
             The game lasted 00:03:22 (250 turns).

nrs142 the Fighter (Minotaur Monk)                   Turns: 250, Time: 00:03:23

Health: -2/77      AC:  7    Str: 21    XL:     7   Next: 75%
Magic:  6/6        EV: 17    Int:  7    God:    Makhleb [**....]
Gold:   0          SH:  0    Dex: 12    Spells: 6/6 levels left

rFire   . . .      SeeInvis .   l - +1 broad axe (vorpal)
rCold   . . .      Faith    .   (no shield)
rNeg    . . .      Spirit   .   a - +2 ring mail
rPois   .          Reflect  .   (helmet restricted)
rElec   .          Harm     .   (no cloak)
rCorr   .          Rampage  .   (no gloves)
Will    .....      NoTele   +   (no boots)
Stlth   ++........              (no amulet)
HPRegen 0.22/turn               n - +2 ring of evasion
MPRegen 0.10/turn               m - +3 ring of strength

@: no status effects
A: horns 2, retaliatory headbutt
a: Renounce Religion, Minor Destruction


You were in the Dungeon.
You worshipped Makhleb.
Makhleb was pleased with you.
You visited 1 branch

Inventory:

Hand Weapons
 l - a +1 vorpal broad axe (weapon)
Armour
 a - a +2 ring mail (worn)
 b - a +0 robe
Jewellery
 m - a +3 ring of strength (right hand)
 n - a +2 ring of evasion (left hand)
Wands
 k - a wand of acid (10)
Scrolls
 i - 2 scrolls of blinking
 j - 2 scrolls of amnesia
Potions
 c - a potion of ambrosia
 d - a potion of invisibility
 e - a potion of heal wounds
 f - a potion of haste
 g - 4 potions of magic
 h - 4 potions of curing


   Skills:
 + Level 12.1 Fighting
 + Level 11.7 Axes
 + Level 2.0 Armour
 + Level 10.2 Dodging
 + Level 5.3 Stealth


You had 6 spell levels left.
You didn't know any spells.
Your spell library was empty.

Dungeon Overview and Level Annotations

Branches:
Dungeon (1/1)

Altars:
Cheibriados
Dithmenos
Elyvilon
Fedhas
Gozag
Hepliaklqana
Kikubaaqudgha
Makhleb
Nemelex Xobeh
Okawaru
Qazlal
Ru
Sif Muna
Trog
Uskayaw
Vehumet
Wu Jian
Xom
Yredelemnul
Zin
The Shining One
Beogh
Jiyva
Lugonu


Innate Abilities, Weirdness & Mutations

You have a pair of horns on your head.
You reflexively headbutt those who attack you in melee.


Message History

You headbutt the two-headed ogre!
The two-headed ogre is moderately wounded.
The two-headed ogre barely misses you. You furiously retaliate!
You headbutt the two-headed ogre! The two-headed ogre barely misses you.
You barely miss the two-headed ogre.
The two-headed ogre is heavily wounded.
You hit the two-headed ogre but do no damage.
The two-headed ogre is heavily wounded.
The two-headed ogre completely misses you.
The two-headed ogre closely misses you.
You hit the two-headed ogre.
The two-headed ogre is severely wounded.
The two-headed ogre barely misses you. The two-headed ogre misses you.
You barely miss the two-headed ogre.
The two-headed ogre is severely wounded.
The two-headed ogre completely misses you.
The two-headed ogre misses you.
You slash the two-headed ogre! You headbutt the two-headed ogre.
The two-headed ogre is almost dead.
You hit the two-headed ogre.
The two-headed ogre is almost dead.
The two-headed ogre hits you with a +0 giant club!!
* * * LOW HITPOINT WARNING * * *
The two-headed ogre closely misses you.
You feel much better. The two-headed ogre barely misses you.
You furiously retaliate!
You headbutt the two-headed ogre.
You kill the two-headed ogre!
Makhleb accepts your kill.
You can now harness Makhleb's destructive might.
Your Fighting skill gained 3 levels and is now at level 12!
Your Axes skill gained 2 levels and is now at level 11!
Your Armour skill gained 2 levels and is now at level 2!
Your Dodging skill gained 2 levels and is now at level 10!
Your Stealth skill increases to level 5!
You have reached level 7!
You barely miss the two-headed ogre.
The two-headed ogre hits you with a +0 giant club!!
* * * LOW HITPOINT WARNING * * *
The two-headed ogre hits you with a +0 giant spiked club!!
You die... ▓▓▓▓▓▓▓▓▓▓▓▓▓▓▓▓▓▓▓▓▓▓▓▓ _______'..).[[..@O{Y..Y. ▓▓▓▓▓▓▓▓▓▓▓▓▓▓▓▓▓▓▓▓▓▓▓▓

You could see a two-headed ogre and 2 yaks.

Vanquished Creatures
  A two-headed ogre (D)
  2 black bears (D)
  A phantom (D)
  A hound (D)
  An adder (D)
  A hobgoblin (D)
  A ball python (D)
  2 bats (D)
  A frilled lizard (D)
11 creatures vanquished.

Notes
Turn   | Place    | Note
-------+----------+-------------------------------------------
     0 | D        | nrs142 the Minotaur Monk began the quest for the Orb.
     0 | D        | Reached XP level 1. HP: 19/19 MP: 0/0
     9 | D        | Reached skill level 4 in Fighting
    68 | D        | Noticed a black bear
    68 | D        | Noticed a hound
    68 | D        | Noticed a phantom
    68 | D        | Noticed a black bear
    77 | D        | Killed a black bear
    78 | D        | Reached skill level 7 in Fighting
    78 | D        | Reached skill level 5 in Dodging
    78 | D        | Reached XP level 2. HP: 15/34 MP: 1/1
    78 | D        | Reached XP level 3. HP: 17/39 MP: 2/2
    78 | D        | Reached XP level 4. HP: 21/47 MP: 3/3
    87 | D        | Killed a phantom
    88 | D        | Reached skill level 8 in Fighting
    88 | D        | Reached XP level 5. HP: 17/56 MP: 4/4
    93 | D        | Killed a black bear
    94 | D        | Reached skill level 9 in Fighting
    94 | D        | Reached XP level 6. HP: 19/66 MP: 5/5
   101 | D        | Found a snail-covered altar of Cheibriados.
   101 | D        | Found a shadowy altar of Dithmenos.
   101 | D        | Found a white marble altar of Elyvilon.
   101 | D        | Found a blossoming altar of Fedhas.
   101 | D        | Found an opulent altar of Gozag.
   102 | D        | Found a hazy altar of Hepliaklqana.
   103 | D        | Found a viscous altar of Jiyva.
   104 | D        | Found an ancient bone altar of Kikubaaqudgha.
   105 | D        | Found a corrupted altar of Lugonu.
   106 | D        | Found a burning altar of Makhleb.
   107 | D        | Found a sparkling altar of Nemelex Xobeh.
   108 | D        | Found an iron altar of Okawaru.
   109 | D        | Found a stormy altar of Qazlal.
   110 | D        | Found a sacrificial altar of Ru.
   111 | D        | Found a shimmering blue altar of Sif Muna.
   112 | D        | Found a bloodstained altar of Trog.
   113 | D        | Found a hide-covered altar of Uskayaw.
   114 | D        | Became a worshipper of Makhleb the Destroyer
   114 | D        | Reached * piety under Makhleb
   114 | D        | Reached ** piety under Makhleb
   115 | D        | Found a radiant altar of Vehumet.
   116 | D        | Found an ornate altar of the Wu Jian Council.
   117 | D        | Found a shimmering altar of Xom.
   119 | D        | Found a basalt altar of Yredelemnul.
   120 | D        | Found a glowing silver altar of Zin.
   121 | D        | Found a glowing golden altar of the Shining One.
   169 | D        | Noticed a two-headed ogre
   169 | D        | Noticed a two-headed ogre
   169 | D        | Noticed a shadow
   169 | D        | Noticed a yak
   169 | D        | Noticed a yak
   249 | D        | Killed a two-headed ogre
   250 | D        | Reached skill level 12 in Fighting
   250 | D        | Reached skill level 10 in Dodging
   250 | D        | Reached skill level 5 in Stealth
   250 | D        | Reached XP level 7. HP: 37/77 MP: 6/6
   250 | D        | Slain by a two-headed ogre

Illustrated notes

Levels and vault maps discovered:
D:        linesprint [early_d, line_temple, items_1, d_10, items_2, lair_1,
          lair_end, items_3, orc_1, orc_end, items_4, d_15, swamp_1, shoals_1,
          snake_1, spider_1, d_20, vaults_1, items_5, swamp_end, shoals_end,
          snake_end, spider_end, vaults_end, d_27, items_6, zot_1, zot_end,
          crypt_end, forest_end, elf_end, slime_end, tomb_end, abyss_end,
          pan_hell_end]

Skill      XL: |  1  2  3  4  5  6 |
---------------+-------------------+-----
Fighting       | 7 8 9 12 | 12.1
Axes           | 6 8 9 11 | 11.7
Dodging        | 5 7 8 10 | 10.2
Stealth        | 3 4 5 |  5.3
Armour         | 2 |  2.0

Action                   |  1- 3 |  4- 6 |  7- 9 || total
-------------------------+-------+-------+-------++-------
Melee: Hand axe          |    15 |    11 |       ||    26
       Headbutt          |     3 |     4 |       ||     7
       Broad axe         |       |     8 |     1 ||     9
  Use: Potion            |     1 |     3 |       ||     4
 Stab: Sleeping          |     1 |       |       ||     1
Armor: Robe              |     5 |     4 |       ||     9
Dodge: Dodged            |    11 |    24 |       ||    35

Table legend: (Time is in decaauts)
 A = Elapsed time spent in this place.
 B = Non-inter-level travel time spent in this place.
 C = Inter-level travel time spent in this place.
 D = Time resting spent in this place.
 E = Time spent auto-exploring this place.
 F = Levels seen in this place.
 G = Mean time per level.
                   A        B        C        D        E       F      G
               +--------+--------+--------+--------+--------+-----+--------+
         Total |    257 |    257 |      0 |     48 |      0 |   1 |  257.0 |
       Dungeon |    257 |    257 |      0 |     48 |      0 |   1 |  257.0 |
               +--------+--------+--------+--------+--------+-----+--------+

Top non-repeatable levels by time:
       D: 257 daAuts
